 Dungeon Crawl Stone Soup version 0.23-a0-241-g3b46b07 (webtiles) character file.

101 Felrender the Shield-Bearer (level 4, -6/35 HPs)
             Began as a Demonspawn Fighter on Sept 26, 2018.
             Killed by divine providence
             ... invoked by an orc priest
              (10 damage)
             ... on level 3 of the Dungeon.
             The game lasted 00:04:16 (1450 turns).

Felrender the Shield-Bearer (Demonspawn Fighter)    Turns: 1450, Time: 00:04:17

Health: -6/35      AC:  9    Str: 17    XL:     4   Next: 48%
Magic:  4/4        EV:  4    Int: 10    God:
Gold:   118        SH: 13    Dex: 12    Spells: 3/3 levels left

rFire    . . .     SeeInvis .   a - +0 long sword
rCold    + . .     Gourm    .   c - +0 shield
rNeg     . . .     Faith    .   i - +0 chain mail (curse)
rPois    .         Spirit   .   (no helmet)
rElec    .         Reflect  .   (no cloak)
rCorr    .         Harm     .   (no gloves)
MR       +....                  (no boots)
Stlth    ..........             (no amulet)
HPRegen  0.11/turn              k - ring of protection from magic
MPRegen  0.09/turn              (no ring)

@: no status effects
A: claws 1, large bone plates 1, cold resistance 1
a: no special abilities


You were on level 3 of the Dungeon.
You were not hungry.

You visited 1 branch of the dungeon, and saw 3 of its levels.

You collected 118 gold pieces.

Inventory:

Hand Weapons
 a - a +0 long sword (weapon)
Armour
 c - a +0 shield (worn)
 i - a cursed +0 chain mail (worn)
Jewellery
 k - a ring of protection from magic (left claw)
Scrolls
 h - 3 scrolls of teleportation
Potions
 b - a potion of curing {unknown}
 d - a potion of might
 e - 2 potions of agility {unknown}
 j - a potion of invisibility {unknown}
 l - a potion of cancellation {unknown}
Comestibles
 f - 5 rations
 g - 3 chunks of flesh


   Skills:
 + Level 3.3 Fighting
 + Level 2.8 Long Blades
 + Level 3.1 Armour
 + Level 0.2 Dodging
 + Level 3.6 Shields


You had 3 spell levels left.
You didn't know any spells.
Your spell library was empty.

Dungeon Overview and Level Annotations

Branches:
Dungeon (3/15)

Altars:
Qazlal


Innate Abilities, Weirdness & Mutations

You have sharp fingernails.
You are partially covered in large bone plates. (SH +4)
Your flesh is cold resistant. (rC+)


Message History

The orc moves out of view.
There are monsters nearby!
The orc priest shouts!
You hear a shout!
The orc priest casts a cantrip, but nothing happens. 2 orcs come into view.
The orc shouts! x2
You block the orc priest's attack.
The orc priest mumbles some strange prayers to Beogh against you.
Pain shoots through your body! The orc hits you but does no damage.
You block the orc priest's attack. The orc hits you.
You block the orc priest's attack. You block the orc's attack.
The orc priest mumbles some strange prayers to Beogh against you.
Beogh smites you!
The orc priest invokes the aid of Beogh against you.
Beogh smites you!
* * * LOW HITPOINT WARNING * * *
The orc priest mumbles some strange prayers to Beogh against you.
Beogh smites you!
You die...

#.......# #.......#
#.......# ##.......##
.##.......##
..8#####..### ####...#
##.# # ## ##......# #.# #
#.. #.@# ###.###
###..##.## #...##.
......oo# ####.#....
###.##..# #......#..
##.o########........#
##.#..oo.#..........#..#
............####........#
....#.###..## ###.....##
...... ##..## #.##..##


You could see 2 orc priests and 2 orcs.

Vanquished Creatures
  4 adders
  A worm (D:2)
  2 dart slugs
  3 leopard geckos
  A ball python (D:1)
  4 goblins
  8 hobgoblins
  7 jackals (D:2)
  A quokka (D:2)
  6 bats
  2 frilled lizards
  8 kobolds
  5 rats
52 creatures vanquished.

Notes
Turn   | Place    | Note
-------+----------+-------------------------------------------
     0 | D:1      | Felrender the Demonspawn Fighter began the quest for the
                  | Orb.
     0 | D:1      | Reached XP level 1. HP: 18/18 MP: 1/1
   112 | D:1      | Gained mutation: You have sharp fingernails. [demonic
                  | ancestry]
   112 | D:1      | Reached XP level 2. HP: 24/24 MP: 2/2
   582 | D:2      | Gained mutation: You are partially covered in large bone
                  | plates. (SH +4) [demonic ancestry]
   582 | D:2      | Reached XP level 3. HP: 25/29 MP: 3/3
   655 | D:2      | Found a stormy altar of Qazlal.
   956 | D:2      | Gained mutation: Your flesh is cold resistant. (rC+)
                  | [demonic ancestry]
   956 | D:2      | Reached XP level 4. HP: 34/35 MP: 4/4
  1450 | D:3      | Killed from afar by an orc priest

Vault maps used:
D:1:      sevenhm_arrival_forest_fort_small_4, minmay_pentomino_t2
D:2:      nicolae_qazlal_general_emergency
D:3:      serial_corexii_hall, corexii_hall_statues_l, corexii_hall_statues_s,
          corexii_hall_statues_i, corexii_hall_statues_i,
          roderic_serpentine_path, minmay_misc_feat_plants

Skill      XL: |  1  2 |
---------------+-------+-----
Shields        | 3 |  3.6
Armour         | 3 |  3.1
Long Blades    | 2 |  2.8
Fighting       | |  3.3
Dodging        | |  0.2

Action                   |  1- 3 |  4- 6 || total
-------------------------+-------+-------++-------
Melee: Long sword        |   138 |    44 ||   182
  Use: Scroll            |     6 |     2 ||     8
  Eat: Chunk             |     1 |       ||     1
       Ration            |       |     1 ||     1
Armor: Scale mail        |    16 |       ||    16
       Chain mail        |   108 |    28 ||   136
Dodge: Dodged            |    50 |     9 ||    59
Block: Shield            |   127 |    38 ||   165
       Rpst.: Long sword |    19 |     4 ||    23

Table legend:
 A = Non-vault XP
 B = Vault XP
 C = Vault XP percentage of total XP
 D = Non-vault monster count
 E = Vault monster count
 F = Vault count percentage of total count
                 A         B        C        D         E       F
            +---------+---------+-------+---------+---------+-------
      Total |     142 |       3 |   2.1 |      50 |       2 |   3.8
            +---------+---------+-------+---------+---------+-------
        D:1 |      35 |       3 |   7.9 |      19 |       2 |   9.5
        D:2 |      68 |       0 |   0.0 |      23 |       0 |   0.0
        D:3 |      39 |       0 |   0.0 |       8 |       0 |   0.0
            +---------+---------+-------+---------+---------+-------
